 Dungeon Crawl Stone Soup version 0.29-a0-529-gfa20dd96a1 (webtiles) character file.

Game seed: 11163959600375507754

130194 Flugkiller the Warrior (level 18, -2/149 HPs)
             Began as a Meteoran Chaos Knight on June 1, 2022.
             Was a Plaything of Xom.
             Succumbed to barbed spike wounds
             ... on level 4 of the Shoals.
             The game lasted 01:24:41 (11716 turns).

Flugkiller the Warrior (Meteoran Chaos Knight)     Turns: 11716, Time: 01:24:41

Health: -2/149     AC: 23    Str: 19      XL:     18   Next: 26%
Magic:  0/32       EV: 19    Int: 15 (17) God:    Xom [......]
Gold:   1498       SH:  0    Dex: 19      Spells: 5/35 levels left

rFire   . . .      SeeInvis +   H - +5 lajatang (speed)
rCold   . . .      Faith    .   (shield currently unavailable)
rNeg    . . .      Spirit   +   k - +0 troll leather armour
rPois   .          Reflect  .   e - +0 helmet
rElec   .          Harm     .   f - +0 cloak
rCorr   .          Rampage  .   y - +2 pair of gloves
Will    +....      Clarity  +   O - +2 pair of boots
Stlth   +.........              C - amulet "Aduhub" {Spirit +Inv Str+4 SInv}
HPRegen 1.14/turn               q - +4 ring of protection
MPRegen 0.23/turn               p - +4 ring of protection

@: mighty, weak-willed, spiked, hasted, glowing, unable to read, very quick
A: sense surroundings 3, otherworldly, glowing, explore regen, hooves 1,
clarity, deterioration 2, frail 1, evolution 1, inability to read while
threatened, MP-powered wands
a: Renounce Religion, Evoke Invisibility


You were on level 4 of the Shoals.
You worshipped Xom.
You were a very special plaything of Xom.
You visited 4 branches of the dungeon, and saw 27 of its levels.

You collected 2749 gold pieces.
You spent 1251 gold pieces at shops.

Inventory:

Hand Weapons
 H - a +5 lajatang of speed (weapon)
   (You found it on level 7 of the Dungeon)
 W - a +3 demon trident of freezing
   (You took it off a red devil on level 6 of the Lair of Beasts)
Missiles
 b - 4 curare-tipped darts
 l - 4 javelins
 T - 10 silver javelins (quivered)
 X - 2 throwing nets
Armour
 e - a +0 helmet (worn)
   (You found it on level 2 of the Dungeon)
 f - a +0 cloak (worn)
   (You found it on level 8 of the Dungeon)
 k - a +0 troll leather armour (worn)
   (You found it on level 9 of the Dungeon)
 x - a +2 kite shield
   (You found it on level 4 of the Dungeon)
 y - a +2 pair of gloves (worn)
   (You found it on level 11 of the Dungeon)
 G - a +0 buckler
   (You found it on level 3 of the Dungeon)
 O - a +2 pair of boots (worn)
   (You found it on level 4 of the Dungeon)
Magical Staves
 M - a staff of earth
   (Xom gifted it to you on level 2 of the Lair of Beasts)
Jewellery
 m - a ring of willpower
   (You found it on level 13 of the Dungeon)
 o - a ring of poison resistance
   (You found it on level 5 of the Lair of Beasts)
 p - a +4 ring of protection (right hand)
   (You found it on level 7 of the Dungeon)
 q - a +4 ring of protection (left hand)
   (You bought it in a shop on level 3 of the Shoals)
 v - a ring of willpower
   (You found it on level 14 of the Dungeon)
 C - the amulet "Aduhub" (around neck) {Spirit +Inv Str+4 SInv}
   (You found it on level 5 of the Dungeon)

   [amulet of guardian spirit]

   It causes incoming damage to be divided between your reserves of health and
   magic.
   Str:       It affects your strength (+4).
   SInv:      It lets you see invisible.
   +Inv:      It lets you turn invisible.
 V - a ring of flight
   (You found it on level 6 of the Lair of Beasts)
Wands
 g - a wand of flame (29)
   (You found it on level 2 of the Dungeon)
 B - a wand of acid (5)
   (You found it on level 3 of the Shoals)
 Q - a wand of iceblast (4)
   (You found it on level 3 of the Lair of Beasts)
 U - a wand of digging (2)
   (You found it on level 11 of the Dungeon)
 Y - a wand of charming (9)
   (You found it on level 12 of the Dungeon)
Scrolls
 a - 4 scrolls of poison
 c - a scroll of enchant armour
 t - 5 scrolls of teleportation
 z - 3 scrolls of blinking
 A - 3 scrolls of amnesia
 D - a scroll of vulnerability
 I - 2 scrolls of brand weapon
 K - 4 scrolls of immolation
 S - a scroll of magic mapping
 Z - 3 scrolls of fog
Potions
 d - 4 potions of might
 h - 2 potions of haste
 j - 3 potions of flight
 n - 3 potions of resistance
 s - 3 potions of invisibility
 u - 5 potions of lignification
 E - 3 potions of attraction
 F - 2 potions of magic {unknown}
 J - 4 potions of brilliance
 L - a potion of berserk rage
 P - 2 potions of degeneration {unknown}
Miscellaneous
 N - a phantom mirror
   (You found it on level 2 of the Lair of Beasts)


   Skills:
 + Level 16.2 Fighting
 - Level 3.6 Axes
 - Level 14.0 Staves
 - Level 10.0 Throwing
 - Level 9.0 Armour
 - Level 11.0 Dodging
 - Level 9.0 Spellcasting
 - Level 8.0 Conjurations
 - Level 3.5 Hexes
 - Level 12.0 Necromancy
 - Level 8.0 Ice Magic
 - Level 12.0 Earth Magic
 - Level 5.0 Evocations


You had 5 spell levels left.
You knew the following spells:

 Your Spells              Type           Power      Damage    Failure   Level
a - Freeze                Ice            100%       1d11      1%          1
b - Frozen Ramparts       Ice            60%        1d8       1%          3
c - Hailstorm             Conj/Ice       30%        3d8       4%          4
d - Stone Arrow           Conj/Erth      72%        3d11      1%          3
e - Leda's Liquefaction   Hex/Erth       15%        N/A       4%          4
f - Borgnjor's Vile Clut  Necr/Erth      21%        N/A       2%          5
g - Animate Dead          Necr           42%        N/A       1%          4
h - Death Channel         Necr           21%        N/A       14%         6

Your spell library contained the following spells:

 Spells                   Type           Power      Damage    Failure   Level
 Magic Dart               Conj           100%       1d8       1%          1
 Ensorcelled Hibernation  Hex/Ice        48%        N/A       1%          2
 Passwall                 Tmut/Erth      20%        N/A       1%          2
 Vampiric Draining        Necr           42%        2d9       1%          3
 Foxfire                  Conj/Fire      72%        2x1d7     2%          1
 Shock                    Conj/Air       72%        1d7       2%          1
 Lee's Rapid Deconstruct  Erth           21%        3d13*     2%          5
 Slow                     Hex            68%        N/A       3%          1
 Static Discharge         Conj/Air       18%        N/A       3%          2
 Conjure Flame            Conj/Fire      18%        6-21      7%          3
 Confusing Touch          Hex            17%        N/A       9%          3
 Tukima's Dance           Hex            17%        N/A       9%          3
 Animate Armour           Summ/Erth      48%        N/A       11%         4
 Petrify                  Tmut/Erth      24%        N/A       11%         4
 Apportation              Tloc           12%        N/A       12%         1
 Mephitic Cloud           Conj/Pois/Air  14%        N/A       13%         3
 Call Imp                 Summ           6%         N/A       19%         2
 Poisonous Vapours        Pois/Air       12%        N/A       19%         2
 Inner Flame              Hex/Fire       12%        N/A       19%         3
 Portal Projectile        Hex/Tloc       24%        N/A       19%         3
 Corpse Rot               Necr/Pois/Air  18%        N/A       24%         4
 Flame Wave               Conj/Fire      18%        2d6       24%         4
 Call Canine Familiar     Summ           6%         N/A       36%         3
 Gell's Gravitas          Tloc           6%         N/A       36%         3
 Lesser Beckoning         Tloc           6%         N/A       36%         3
 Swiftness                Air            6%         N/A       36%         3
 Teleport Other           Tloc           6%         N/A       36%         3
 Freezing Cloud           Conj/Ice/Air   11%        6-21      36%         5
 Lightning Bolt           Conj/Air       9%         1d21      54%         5
 Summon Lightning Spire   Summ/Air       6%         N/A       77%         4
 Alistair's Intoxication  Tmut/Pois      4%         N/A       98%         5
 Blade Hands              Tmut           3%         N/A       98%         5
 Storm Form               Tmut/Air       3%         N/A       100%        7
 Lehudib's Crystal Spear  Conj/Erth      18%        10d5      100%        8
 Maxwell's Capacitive Co  Air            3%         ∞         100%        8
 Chain Lightning          Conj/Air       9%         3d12      100%        9
 Fire Storm               Conj/Fire      9%         8d2       100%        9
 Shatter                  Erth           21%        3d19*     100%        9


Dungeon Overview and Level Annotations

Branches:
Dungeon (15/15)            Temple (0/1) D:5            Lair (6/6) D:8
 Shoals (4/4) Lair:2        Snake (0/4) Lair:4        Slime (0/5) Lair:5
    Orc (2/2) D:10            Elf (0/3) Orc:2        Depths (0/4) D:15
 Vaults: D:13-14

Altars:
Hepliaklqana
Makhleb
Nemelex Xobeh
Okawaru
Qazlal
Sif Muna
Trog
Wu Jian
Yredelemnul
Zin
The Shining One
Beogh

Shops:
D:10 [   Orc:2 *:?*   Shoals:3 =

Portals:
Hell: Lair:6

Annotations:
D:14 3 runed translucent doors, initializr's ghost, journeyman DsNe
Lair:4 exclusion: oklob plant
Lair:5 2 transporters, Orociumy's ghost, journeyman DsCj
Lair:6 2 runed translucent doors, magipi's ghost, journeyman GnBr
Orc:1 2 transporters, Hump's ghost, journeyman MfAK


Innate Abilities, Weirdness & Mutations

You passively map a large area around you.
You are easily found by Zot.
You glow in the dark.
You regain HP and MP as you explore.
You have large cloven feet.
You possess an exceptional clarity of mind.
Your body often deteriorates upon taking damage.
You are frail. (-10% HP)
You have hidden genetic potential.
You sometimes lose the ability to read scrolls when taking damage.
You expend magic power (3 MP) to strengthen your wands.


Message History

The volley of spikes misses you.
The volley of spikes hits the merfolk!
The merfolk misses you.
The merfolk javelineer throws a javelin.
The javelin completely misses you.
The satyr shoots a sling bullet.
The sling bullet closely misses you.
The sling bullet hits the merfolk!!
The merfolk closely misses you.
The manticore flicks its tail.
The volley of spikes hits you!
The barbed spikes become lodged in your body.
* * * LOW HITPOINT WARNING * * *
The satyr plays a frightful melody on his pipes!
The satyr radiates an aura of fear!
You are unaffected.
Unknown command.
The barbs in your skin will harm you if you move.
Continue?
Okay, then.
The barbs in your skin will harm you if you move.
Continue?
Okay, then.
You cannot read scrolls in your current state!
Unknown command.
You feel much better.
The satyr plays a frightful melody on his pipes!
The satyr radiates an aura of fear!
You are unaffected.
The satyr shoots a sling bullet.
The sling bullet completely misses you. The sphinx hits you but does no damage.
The sphinx closely misses you. The sphinx hits you but does no damage.
You feel very mighty all of a sudden.
The manticore flicks its tail.
The volley of spikes hits you!
The barbed spikes become lodged in your body.
The merfolk misses you. The snapping turtle barely misses you.
The satyr shoots a sling bullet.
The sling bullet barely misses you.
The sphinx completely misses you. x2; The sphinx hits you.
Unknown command.
You slash the sphinx!
The sphinx is lightly wounded.
The merfolk javelineer hits you but does no damage.
You slash the sphinx!
The sphinx is moderately wounded.
The merfolk hits you but does no damage.
The manticore flicks its tail.
The volley of spikes misses you.
The volley of spikes hits the sphinx!
The snapping turtle completely misses you.
You slash the sphinx!
The sphinx is heavily wounded.
Xom grants you a minor favour. Magic courses through your body.
You are now a very special plaything of Xom.
The sphinx hits you!
* * * LOW HITPOINT WARNING * * *
The sphinx hits you but does no damage. x2
A merfolk comes into view. It is wielding a +0 halberd.
The cyclops barely misses you.
Unknown command.
The merfolk shouts!
You slice the sphinx!!
The sphinx is severely wounded.
Your unholy channel expires.
The merfolk javelineer throws a javelin.
The javelin pierces through you!!
* * * LOW HITPOINT WARNING * * *
Unknown command.
You slash the sphinx!
The sphinx is almost dead. "How about this?"
You compulsively click the heels of your boots together three times.
The merfolk barely misses you. The merfolk closely misses you.
The snapping turtle misses you. The sphinx barely misses you.
The sphinx completely misses you. The sphinx hits you but does no damage.
Unknown command.
You slice the sphinx!!
You kill the sphinx!
The satyr shoots a sling bullet.
The sling bullet hits you.
* * * LOW HITPOINT WARNING * * *
The satyr plays a frightful melody on his pipes!
The satyr radiates an aura of fear!
You are unaffected.
You feel your intelligence returning.
Unknown command.
You slice the satyr!!
The satyr is moderately wounded.
The merfolk javelineer throws a javelin.
The javelin pierces through you!!
* * * LOW HITPOINT WARNING * * *
Unknown command.
You chop the satyr into pieces!!!
The satyr is almost dead.
The merfolk misses you. The merfolk closely misses you.
The snapping turtle misses you. The cyclops hits you!
* * * LOW HITPOINT WARNING * * *
You slice the satyr like a ripe choko!!!
You kill the satyr!
The satyr shoots a sling bullet.
The sling bullet misses you.
The merfolk hits you from afar with a +0 glaive!
* * * LOW HITPOINT WARNING * * *
Xom roars with laughter!
The barbs in your skin will harm you if you move.
Continue?
Okay, then.
The barbs in your skin will harm you if you move.
Continue?
The barbed spikes dig painfully into your body as you move.
You die...
Xom howls with laughter!

≈ ≈ ≈ ≈≈≈ * *, , , ≈
≈≈ ≈ ≈ ≈≈. ## *, * ≈
≈ ≈ ≈ ≈ ≈≈# ..##* ,
,∆ ≈ ≈≈ ≈≈ ≈≈# ... ≈
≈≈ ≈≈≈≈ #.##.###..
∆,∆ ≈ ≈≈ ≈
≈≈≈≈≈###..≈...#.# #,
, * ≈ ≈
≈≈≈≈≈.#...≈.≈....#.#*
, ≈≈ ≈≈≈
≈≈≈.[...Hc...≈...8.
≈≈≈≈
≈≈≈.|..@.mtm.m≈..≈≈ ≈
≈≈≈#[.?..CYc......≈ ≈
≈ ≈ ≈
≈≈≈≈#..mmcm.....# * ,
≈ ≈≈≈≈≈.##Y.c...#.# ,
≈
≈≈≈≈≈≈≈≈.####H#....#
* ≈ ≈ ≈≈≈≈≈≈≈≈
,∆.....c. * ≈≈≈≈≈≈≈≈
* c##.. # , ≈ ≈
≈≈≈≈≈≈≈≈≈ , ## ..# ,
≈≈ ≈≈ ≈ ≈≈≈≈≈≈ ..


You could see a merfolk impaler, a merfolk javelineer, 2 satyrs, a snapping
turtle, 4 merfolk, 2 fauns, 2 manticores, a cyclops and 2 dream sheep.

Vanquished Creatures
  Frances (Shoals:1)
  A sphinx (Shoals:4)
  A frost giant (Shoals:2)
  Louise (Shoals:2)
  2 dire elephants
  Azrael (D:13)
  An ettin (D:14)
  3 merfolk javelineers
  A merfolk impaler (Shoals:2)
  2 hydras
  Harold (Orc:1)
  A boulder beetle (D:12)
  An alligator snapping turtle (Shoals:4)
  A radroach (Shoals:4)
  An ogre mage (D:15)
  A merfolk aquamancer (Shoals:2)
  4 centaur warriors
  4 satyrs
  4 death yaks
  4 two-headed ogres
  4 orc high priests (Orc:2)
  A sun demon (Lair:6)
  8 skeletal warriors
  5 sea snakes
  A glowing orange brain (D:14)
  2 harpies
  4 orc knights
  3 wizards
  2 deep elf pyromancers (D:15)
  5 manticores
  15 ugly things
  6 cyclopes
  10 fauns
  5 orc sorcerers (Orc:2)
  A salamander (D:15)
  Maurice (D:8)
  5 water nymphs
  5 merfolk sirens
  3 black mambas (Lair:6)
  9 elephants
  A centaur skeleton (D:13)
  A gargoyle (D:11)
  4 orange demons (Lair:6)
  22 cane toads
  3 unseen horrors
  5 yaktaurs
  8 rime drakes
  7 komodo dragons
  An efreet (D:15)
  A hellwing (Lair:6)
  2 red devils (Lair:6)
  10 merfolk
  3 meliai (D:15)
  4 trolls
  2 polar bears
  2 hornets (Lair:4)
  3 snapping turtles
  A wind drake (Shoals:1)
  7 dream sheep
  16 blink frogs
  19 slime creatures
  4 vampires
  6 water elementals
  10 spriggans (Lair:4)
  22 yaks
  2 wyverns
  3 wraiths
  2 shadows
  2 fire elementals (D:13)
  A human (shapeshifter) (D:13)
  2 steam dragons (D:8)
  Grum (D:8)
  18 vampire mosquitoes
  A redback (Lair:6)
  8 basilisks
  2 nagas (Lair:4)
  3 wargs (Orc:2)
  A water moccasin (shapeshifter) (D:14)
  12 water moccasins
  2 acid dragons
  10 hell hounds
  19 orc warriors
  An ice beast (D:7)
  6 ogres
  2 black bears
  A boggart (Lair:4)
  20 wolves
  2 centaurs
  A phantom (D:6)
  A gnoll sergeant (D:9)
  A necrophage (D:4)
  13 bullfrogs
  2 scorpions
  3 wights (D:8)
  12 killer bees (D:9)
  3 howler monkeys
  A hound (D:5)
  2 jellies
  15 orc priests
  2 iguanas
  24 orc wizards
  4 gnolls (D:9)
  2 adders
  3 ufetubi
  4 worms
  A dart slug (D:4)
  55 orcs
  2 endoplasms
  3 hobgoblins
  2 quokkas (D:4)
  4 ball pythons
  3 bats
  3 frilled lizards (D:2)
  3 goblins
  3 kobolds
  6 rats
594 creatures vanquished.

Vanquished Creatures (collateral kills)
  Rupert (Lair:3)
  A minotaur (Shoals:4)
  A merfolk javelineer (Shoals:2)
  A merfolk impaler (Shoals:2)
  2 two-headed ogres (D:15)
  2 satyrs (Shoals:4)
  6 sea snakes
  2 harpies (Shoals:2)
  An orc knight (Orc:2)
  8 manticores
  8 fauns
  A wind drake (Shoals:4)
  4 merfolk
  A slime creature (D:15)
  A dream sheep (Shoals:1)
  3 snapping turtles
  2 water elementals (Shoals:2)
  A wyvern (Lair:4)
  A wraith (D:13)
  2 vampire mosquitoes (D:15)
  An ogre (D:15)
  An orc wizard (D:5)
51 creatures vanquished.

Vanquished Creatures (others)
  A dancing weapon (Shoals:2)
  A skeletal warrior (D:15)
  4 sea snake zombies (Shoals:2)
  A human zombie (Shoals:2)
  2 harpy zombies (Shoals:2)
  A snapping turtle (Shoals:2)
  A meliai zombie (D:15)
  A satyr zombie (Shoals:4)
  A slime creature zombie (D:15)
  A wind drake zombie (Shoals:4)
  A basilisk (D:15)
  A two-headed ogre zombie (D:15)
  4 faun zombies
  A snapping turtle zombie (Shoals:2)
  A dream sheep zombie (Shoals:1)
  2 elf zombies (D:15)
  6 merfolk zombies
  2 vampire mosquito zombies (D:15)
  An orc wizard (Orc:1)
  3 ogre zombies (D:15)
  A kobold (D:1)
  A rat (D:1)
  29 fungi
  88 plants
155 creatures vanquished.

Grand Total: 800 creatures vanquished

Notes
Turn   | Place    | Note
-------+----------+-------------------------------------------
     0 | D:1      | Flugkiller the Meteoran Chaos Knight began the quest for
                  | the Orb.
     0 | D:1      | Reached XP level 1. HP: 19/19 MP: 2/2
    82 | D:1      | XOM: silly message
   122 | D:2      | XOM: silly message
   131 | D:2      | Reached XP level 2. HP: 15/26 MP: 3/3
   133 | D:2      | Learned a level 1 spell: Freeze
   577 | D:3      | Reached XP level 3. HP: 22/31 MP: 3/5
   644 | D:3      | Reached skill level 1 in Spellcasting
   644 | D:3      | Reached skill level 1 in Ice Magic
   646 | D:3      | Found a shimmering blue altar of Sif Muna.
   787 | D:4      | Reached XP level 4. HP: 37/39 MP: 6/6
   834 | D:3      | XOM: 5-stop teleportation journey
  1023 | D:5      | Entered Level 5 of the Dungeon
  1033 | D:5      | Noticed an ogre
  1049 | D:5      | Killed an ogre
  1050 | D:5      | Reached skill level 4 in Fighting
  1050 | D:5      | Reached XP level 5. HP: 47/47 MP: 7/9
  1054 | D:5      | Learned a level 3 spell: Frozen Ramparts
  1139 | D:5      | Found a hazy altar of Hepliaklqana.
  1161 | D:5      | Reached XP level 6. HP: 52/53 MP: 9/11
  1329 | D:6      | XOM: enchant monster (good)
  1385 | D:5      | Found a staircase to the Ecumenical Temple.
  1475 | D:6      | XOM: summons friendly crimson imp
  1483 | D:6      | Reached XP level 7. HP: 38/60 MP: 8/12
  1529 | D:6      | Found a glowing golden altar of the Shining One.
  1550 | D:6      | Reached skill level 5 in Fighting
  1551 | D:6      | XOM: 4-stop teleportation journey
  1626 | D:6      | Found an ornate altar of the Wu Jian Council.
  1662 | D:6      | Found a basalt altar of Yredelemnul.
  1721 | D:6      | Noticed a two-headed ogre
  1784 | D:5      | XOM: smoke on damage
  1784 | D:5      | XOM: summons friendly crimson imp
  1861 | D:5      | XOM: polymorph crimson imp -> lemure
  1916 | D:5      | Found a sparkling altar of Nemelex Xobeh.
  1916 | D:5      | Found an iron altar of Okawaru.
  1958 | D:5      | Identified the amulet "Aduhub" {Spirit +Inv Str+4 SInv}
  2039 | D:4      | XOM: enchant monster (good)
  2043 | D:4      | Reached XP level 8. HP: 69/69 MP: 15/15
  2052 | D:4      | Found a stormy altar of Qazlal.
  2068 | D:4      | Identified the +2 robe of the Many Continents {Dex+2}
  2089 | D:4      | XOM: swap monsters
  2098 | D:4      | Reached skill level 5 in Dodging
  2366 | D:5      | XOM: give mutations
  2366 | D:5      | Gained mutation: Your flesh is heat resistant. (rF+) [Xom's
                  | grace]
  2366 | D:5      | Gained mutation: Your system is resistant to poisons.
                  | (rPois) [Xom's grace]
  2488 | D:7      | XOM: destruction
  2492 | D:7      | Reached skill level 6 in Fighting
  2568 | D:7      | XOM: 1-stop teleportation journey
  2629 | D:7      | Reached skill level 1 in Staves
  2723 | D:8      | Found a glowing silver altar of Zin.
  2765 | D:8      | Reached skill level 5 in Ice Magic
  2777 | D:8      | Gained mutation: You passively map the area around you.
                  | [Meteoran growth]
  2777 | D:8      | Reached XP level 9. HP: 78/78 MP: 16/16
  2793 | D:9      | Noticed a troll
  2793 | D:9      | Noticed a two-headed ogre
  2793 | D:9      | XOM: 5-stop teleportation journey
  2811 | D:8      | Noticed Grum
  2826 | D:8      | Reached skill level 5 in Staves
  2844 | D:8      | Killed Grum
  2863 | D:8      | XOM: god gift: potion of flight
  2992 | D:8      | XOM: enchant monster (good)
  3001 | D:8      | Noticed Maurice
  3011 | D:8      | XOM: cleaving
  3024 | D:8      | XOM: 7-stop teleportation journey
  3120 | D:8      | Found a staircase to the Lair.
  3146 | D:8      | Learned a level 4 spell: Hailstorm
  3170 | D:8      | XOM: summons 9 friendly demons
  3175 | D:8      | Killed Maurice
  3176 | D:8      | Reached skill level 1 in Conjurations
  3212 | D:8      | Reached skill level 7 in Fighting
  3299 | D:9      | Reached XP level 10. HP: 82/86 MP: 13/18
  3322 | D:9      | Reached skill level 5 in Spellcasting
  3327 | D:9      | XOM: polymorph howler monkey -> killer bee
  3348 | D:9      | Killed a two-headed ogre
  3349 | D:9      | Reached skill level 8 in Fighting
  3364 | D:9      | Identified the +2 scale mail of Freedom {Stlth+}
  3417 | D:9      | Reached skill level 5 in Conjurations
  3420 | D:9      | XOM: enchant monster (good)
  3502 | D:10     | Entered Level 10 of the Dungeon
  3581 | D:10     | Identified the +1 ring mail of Generosity {rC- rN+ Int+3}
  3610 | D:10     | Noticed an unseen horror
  3617 | D:10     | Killed an unseen horror
  3636 | D:10     | Found a staircase to the Orcish Mines.
  3636 | D:10     | Found Konoq's Armour Shop.
  3654 | D:10     | Reached XP level 11. HP: 94/94 MP: 19/21
  3795 | Lair:1   | Entered Level 1 of the Lair of Beasts
  3812 | Lair:2   | XOM: god gift: staff of earth
  3835 | Lair:1   | You fall into a shaft and drop 1 floor!
  3840 | Lair:2   | Noticed a manticore
  3841 | Lair:2   | Found a staircase to the Shoals.
  3842 | Lair:2   | XOM: polymorph wind drake -> yaktaur
  3843 | Lair:2   | XOM: confuse monster(s)
  3875 | Lair:2   | XOM: silly message
  3886 | Lair:2   | Reached skill level 9 in Fighting
  3889 | Lair:2   | XOM: 2-stop teleportation journey
  3901 | Lair:2   | XOM: stat loss: -1 Str (17/18)
  3907 | Lair:2   | Killed a manticore
  3952 | Lair:1   | Reached skill level 10 in Fighting
  3952 | Lair:1   | Reached skill level 1 in Evocations
  4059 | Lair:2   | XOM: noise
  4114 | Lair:2   | Reached skill level 5 in Evocations
  4149 | Lair:2   | XOM: 2-stop teleportation journey
  4329 | Lair:1   | XOM: noise
  4338 | Lair:1   | XOM: summons 6 hostile demons
  4377 | Lair:1   | XOM: polymorph crimson imp -> quasit
  4422 | Lair:1   | You fall into a shaft and drop 1 floor!
  4424 | Lair:2   | XOM: give mutation
  4424 | Lair:2   | Gained mutation: You are dopey. (Int -2) [Xom's mischief]
  4437 | Lair:2   | XOM: summons 1 hostile demon
  4448 | Lair:2   | XOM: 1-stop teleportation journey
  4505 | Lair:3   | Reached skill level 10 in Staves
  4512 | Lair:3   | Reached XP level 12. HP: 76/106 MP: 12/22
  4516 | Lair:3   | Learned a level 3 spell: Stone Arrow
  4537 | Lair:4   | Reached skill level 1 in Earth Magic
  4686 | Lair:3   | XOM: confuse monster(s)
  4791 | Lair:3   | XOM: swap monsters
  4830 | Lair:3   | Reached skill level 5 in Earth Magic
  4873 | Lair:3   | Noticed Rupert
  4889 | Lair:3   | Killed Rupert
  4958 | Lair:4   | XOM: god gift: scroll labelled PUWILO FANYHA {god gift}
  4981 | Lair:4   | XOM: cleaving
  5014 | Lair:4   | Noticed a spriggan rider
  5039 | Lair:4   | XOM: polymorph black mamba -> yak
  5077 | Lair:4   | XOM: cast spell 'Call Canine Familiar'
  5082 | Lair:4   | Reached XP level 13. HP: 109/113 MP: 12/23
  5161 | Lair:4   | XOM: confuse monster(s)
  5185 | Lair:5   | Reached skill level 10 in Earth Magic
  5259 | Lair:5   | Noticed a cacodemon
  5261 | Lair:5   | Noticed a hell hog
  5263 | Lair:5   | Noticed Orociumy's ghost (journeyman DsCj)
  5332 | Lair:5   | XOM: divination: magic mapping
  5350 | Lair:5   | XOM: confuse monster(s)
  5399 | Lair:5   | XOM: enchant monster (bad)
  5407 | Lair:5   | XOM: confuse monster(s)
  5421 | Lair:5   | XOM: divination: detect creatures
  5423 | Lair:5   | XOM: silly message
  5445 | Lair:5   | Found a transporter.
  5451 | Lair:5   | Found a transporter.
  5467 | Lair:5   | XOM: cast spell 'Call Canine Familiar'
  5496 | Lair:5   | Noticed a six-headed hydra
  5506 | Lair:5   | Killed a six-headed hydra
  5576 | Lair:5   | Reached skill level 11 in Fighting
  5585 | Lair:4   | Found a staircase to the Snake Pit.
  5588 | Lair:4   | XOM: enchant monster (good)
  5597 | Lair:4   | XOM: summons friendly white imp
  5628 | Lair:4   | XOM: fake destruction
  5666 | Lair:4   | Reached skill level 10 in Dodging
  5780 | Lair:6   | Entered Level 6 of the Lair of Beasts
  5788 | Lair:6   | XOM: cleaving
  5794 | Lair:6   | XOM: confuse monster(s)
  5814 | Lair:6   | XOM: polymorph elephant -> redback
  5832 | Lair:6   | XOM: noise
  5865 | Lair:6   | Reached XP level 14. HP: 125/125 MP: 21/24
  5880 | Lair:6   | Reached skill level 12 in Fighting
  5968 | Lair:6   | Found a large runed translucent door.
  5968 | Lair:6   | Found a large runed translucent door.
  5972 | Lair:6   | Noticed magipi's ghost (journeyman GnBr)
  6076 | Lair:6   | Noticed a dire elephant
  6090 | Lair:6   | XOM: potion effect (might)
  6093 | Lair:6   | Killed a dire elephant
  6121 | Lair:6   | Found a burning altar of Makhleb.
  6126 | Lair:6   | XOM: potion effect (magic)
  6165 | Lair:6   | Found a gateway to Hell.
  6251 | Lair:6   | XOM: silly message
  6272 | Lair:6   | XOM: divination: detect creatures
  6320 | Lair:5   | Found a staircase to the Slime Pits.
  6382 | Lair:6   | XOM: potion effect (curing)
  6448 | Lair:6   | XOM: silly message
  6521 | Lair:6   | XOM: potion effect (haste)
  6553 | Lair:6   | Reached skill level 5 in Armour
  6577 | Lair:6   | XOM: divination: magic mapping
  6589 | Lair:6   | XOM: potion effect (might)
  6706 | Lair:2   | XOM: noise
  6780 | Orc:1    | Entered Level 1 of the Orcish Mines
  6789 | Orc:1    | XOM: confuse monster(s)
  6852 | Orc:2    | Entered Level 2 of the Orcish Mines
  6981 | Orc:1    | Found a transporter.
  7005 | Orc:1    | Found a bloodstained altar of Trog.
  7014 | Orc:1    | Noticed Hump's ghost (journeyman MfAK)
  7025 | Orc:1    | Found a transporter.
  7084 | Orc:2    | XOM: silly message
  7122 | Orc:2    | Reached XP level 15. HP: 132/132 MP: 22/26
  7321 | Orc:1    | Noticed Harold
  7330 | Orc:1    | Killed Harold
  7421 | Orc:2    | Learned a level 4 spell: Leda's Liquefaction
  7438 | Orc:2    | XOM: noise
  7459 | Orc:2    | Found a staircase to the Elven Halls.
  7520 | Orc:2    | XOM: divination: magic mapping
  7532 | Orc:2    | Reached skill level 1 in Hexes
  7590 | Orc:2    | XOM: potion effect (might)
  7592 | Orc:2    | XOM: chaos upgrade
  7630 | Orc:2    | XOM: chaos cloud
  7678 | Orc:2    | Found Gouxu's Book Shop.
  7678 | Orc:2    | Found Sudegit's General Store.
  7679 | Orc:2    | Found Fitureul's Magic Scroll Emporium.
  7684 | Orc:2    | Found Tuneump's General Store.
  7686 | Orc:2    | Bought a book of Unlife for 612 gold pieces
  7694 | Orc:2    | Learned a level 5 spell: Borgnjor's Vile Clutch
  7702 | Orc:2    | Bought a scroll of fog for 36 gold pieces
  7702 | Orc:2    | Bought a scroll of enchant weapon for 135 gold pieces
  7705 | Orc:2    | Bought a scroll of teleportation for 36 gold pieces
  7772 | Orc:1    | XOM: summons 5 hostile demons
  7876 | D:10     | Found a bloodstained altar of Trog.
  7881 | D:10     | XOM: give mutations
  7881 | D:10     | Gained mutation: Your body sometimes deteriorates upon
                  | taking damage. [Xom's mischief]
  7881 | D:10     | Gained mutation: You sometimes lose the ability to read
                  | scrolls when taking damage. [Xom's mischief]
  7881 | D:10     | Gained mutation: You occasionally shout uncontrollably at
                  | your foes. [Xom's mischief]
  7884 | D:10     | XOM: noise
  7995 | D:12     | XOM: summons 3 hostile demons
  7997 | D:12     | XOM: stat loss: -1 Int (14/15)
  8012 | D:12     | Reached skill level 1 in Necromancy
  8045 | D:12     | XOM: give mutations
  8045 | D:12     | Lost mutation: Your body sometimes deteriorates upon taking
                  | damage. [Xom's mischief]
  8045 | D:12     | Gained mutation: You are very dopey. (Int -4) [Xom's
                  | mischief]
  8045 | D:12     | Gained mutation: Your spells are a little harder to cast,
                  | but a little more powerful. [Xom's mischief]
  8053 | D:12     | XOM: swap monsters
  8055 | D:12     | XOM: smoke on damage
  8154 | D:12     | XOM: 2-stop teleportation journey
  8159 | D:12     | XOM: divination: detect items
  8311 | D:13     | XOM: enchant monster (good)
  8378 | D:13     | XOM: enchant monster (bad)
  8428 | D:13     | Noticed Azrael
  8443 | D:13     | XOM: summons friendly iron imp
  8448 | D:13     | Reached skill level 13 in Fighting
  8450 | D:13     | XOM: 1-stop teleportation journey
  8458 | D:13     | XOM: summons 2 friendly demons
  8493 | D:13     | XOM: divination: magic mapping
  8526 | D:13     | Killed Azrael
  8574 | D:13     | XOM: silly message
  8583 | D:13     | XOM: enchant monster (bad)
  8603 | D:13     | XOM: blink monster(s)
  8632 | D:13     | Reached skill level 5 in Necromancy
  8674 | D:13     | XOM: god gift: trident {god gift}
  8694 | D:12     | XOM: stat loss: -1 Dex (17/18)
  8730 | D:14     | XOM: noise
  8806 | D:14     | XOM: 3-stop teleportation journey
  8818 | D:14     | Reached XP level 16. HP: 107/145 MP: 4/27
  8832 | D:14     | XOM: silly message
  8870 | D:14     | Reached skill level 14 in Fighting
  8976 | D:14     | XOM: polymorph centaur warrior -> ettin
  8981 | D:14     | XOM: potion effect (heal wounds)
  9060 | D:14     | XOM: silly message
  9068 | D:14     | XOM: torment (61/146 hp)
  9156 | D:14     | Found a runed translucent gate.
  9156 | D:14     | Found a runed translucent gate.
  9157 | D:14     | Found a runed translucent gate.
  9182 | D:14     | XOM: summons 8 hostile demons
  9242 | D:14     | Found a runed translucent gate.
  9242 | D:14     | Found a runed translucent gate.
  9245 | D:14     | Noticed a tentacled monstrosity
  9248 | D:14     | Noticed initializr's ghost (journeyman DsNe)
  9249 | D:14     | Found a runed translucent gate.
  9249 | D:14     | Noticed a cacodemon
  9293 | D:15     | Entered Level 15 of the Dungeon
  9294 | D:15     | XOM: silly message
  9305 | D:14     | Learned a level 4 spell: Animate Dead
  9311 | D:15     | XOM: cast spell 'Cause Fear'
  9396 | D:15     | XOM: summons friendly ufetubus
  9403 | D:15     | XOM: enchant monster (bad)
  9407 | D:15     | XOM: divine lightning
  9413 | D:15     | XOM: fog
  9661 | D:15     | Reached skill level 10 in Necromancy
  9669 | D:15     | XOM: divination: magic mapping
  9681 | D:15     | XOM: potion effect (might)
  9728 | D:15     | Found a staircase to the Depths.
 10106 | D:11     | XOM: silly message
 10123 | D:11     | XOM: 3-stop teleportation journey
 10259 | Shoals:1 | Entered Level 1 of the Shoals
 10266 | Shoals:1 | XOM: smoke on damage
 10272 | Shoals:1 | Reached XP level 17. HP: 129/152 MP: 2/31
 10276 | Shoals:1 | XOM: god gift: 5 silver javelins
 10290 | Shoals:1 | Learned a level 6 spell: Death Channel
 10310 | Shoals:1 | XOM: divination: detect items
 10315 | Shoals:1 | Reached skill level 1 in Throwing
 10315 | Shoals:1 | XOM: potion effect (brilliance)
 10633 | Shoals:1 | XOM: scenery: summon butterflies
 10676 | Shoals:2 | Noticed Frances
 10699 | Shoals:2 | XOM: summons 4 friendly demons
 10707 | Shoals:2 | Noticed Louise
 10722 | Shoals:2 | Killed Louise
 10725 | Shoals:2 | Reached skill level 5 in Throwing
 10732 | Shoals:2 | Noticed Ilsuiw
 10770 | Shoals:2 | Your ally Louise died
 10783 | Shoals:2 | HP: 9/228 [water elemental[Ilsuiw] (8)]
 10784 | Shoals:2 | XOM: summons friendly shadow imp
 10788 | Shoals:2 | Noticed Ilsuiw
 10788 | Shoals:2 | Ilsuiw changed into Ilsuiw the frost giant
 10788 | Shoals:2 | XOM: polymorph Ilsuiw -> Ilsuiw the frost giant
 10790 | Shoals:2 | HP: 7/228 [snapping turtle (8)]
 10792 | Shoals:2 | XOM: confuse monster(s)
 10798 | Shoals:2 | Killed Ilsuiw the frost giant
 10801 | Shoals:2 | HP: 5/152 [snapping turtle (12)]
 10807 | Shoals:2 | HP: 5/152 [faun/+0 spear (9)]
 10842 | Shoals:2 | XOM: god gift: 38 gold pieces
 10871 | Shoals:1 | XOM: enchant monster (bad)
 10874 | Shoals:1 | XOM: smoke on damage
 10882 | Shoals:1 | Killed Frances
 10922 | Shoals:2 | XOM: confuse monster(s)
 10934 | Shoals:2 | XOM: enchant monster (good)
 10954 | Shoals:2 | XOM: noise
 10955 | Shoals:2 | XOM: summons friendly iron imp
 10978 | Shoals:2 | XOM: enchant monster (bad)
 10982 | Shoals:2 | XOM: cast spell 'Alistair's Intoxication'
 10983 | Shoals:2 | XOM: potion effect (heal wounds)
 11000 | Shoals:2 | XOM: cast spell 'Summon Dragon'
 11003 | Shoals:2 | XOM: snakes to sticks
 11010 | Shoals:2 | Reached skill level 10 in Throwing
 11114 | Shoals:2 | Lost mutation: Your flesh is heat resistant. (rF+) [potion
                  | of mutation]
 11114 | Shoals:2 | Lost mutation: Your spells are a little harder to cast, but
                  | a little more powerful. [potion of mutation]
 11114 | Shoals:2 | Gained mutation: You possess an exceptional clarity of
                  | mind. [potion of mutation]
 11114 | Shoals:2 | Gained mutation: Your flesh is cold resistant. (rC+)
                  | [potion of mutation]
 11114 | Shoals:2 | Gained mutation: You are partially covered in iridescent
                  | scales. (AC +2) [potion of mutation]
 11115 | Shoals:2 | Lost mutation: Your system is resistant to poisons. (rPois)
                  | [potion of mutation]
 11115 | Shoals:2 | Lost mutation: Your flesh is cold resistant. (rC+) [potion
                  | of mutation]
 11116 | Shoals:2 | Lost mutation: You are partially covered in iridescent
                  | scales. (AC +2) [potion of mutation]
 11116 | Shoals:2 | Lost mutation: You occasionally shout uncontrollably at
                  | your foes. [potion of mutation]
 11116 | Shoals:2 | Gained mutation: You are agile. (Dex +2) [potion of
                  | mutation]
 11116 | Shoals:2 | Gained mutation: You do not regenerate when monsters are
                  | visible. [potion of mutation]
 11116 | Shoals:2 | Gained mutation: You are strong-willed. (Will+) [potion of
                  | mutation]
 11117 | Shoals:2 | Lost mutation: You are very dopey. (Int -4) [potion of
                  | mutation]
 11117 | Shoals:2 | Lost mutation: You are strong-willed. (Will+) [potion of
                  | mutation]
 11117 | Shoals:2 | Gained mutation: Your body sometimes deteriorates upon
                  | taking damage. [potion of mutation]
 11117 | Shoals:2 | Gained mutation: You are partially covered in iridescent
                  | scales. (AC +2) [potion of mutation]
 11118 | Shoals:2 | Lost mutation: You are partially covered in iridescent
                  | scales. (AC +2) [potion of mutation]
 11118 | Shoals:2 | Lost mutation: You are dopey. (Int -2) [potion of mutation]
 11118 | Shoals:2 | Lost mutation: You are agile. (Dex +2) [potion of mutation]
 11118 | Shoals:2 | Gained mutation: Your muscles are strong. (Str +2) [potion
                  | of mutation]
 11118 | Shoals:2 | Gained mutation: You have hidden genetic potential. [potion
                  | of mutation]
 11118 | Shoals:2 | Gained mutation: Your mind is acute. (Int +2) [potion of
                  | mutation]
 11119 | Shoals:2 | Lost mutation: Your muscles are strong. (Str +2) [potion of
                  | mutation]
 11119 | Shoals:2 | Lost mutation: Your mind is acute. (Int +2) [potion of
                  | mutation]
 11119 | Shoals:2 | Gained mutation: You are frail. (-10% HP) [potion of
                  | mutation]
 11119 | Shoals:2 | Gained mutation: Your body often deteriorates upon taking
                  | damage. [potion of mutation]
 11119 | Shoals:2 | Gained mutation: You are partially covered in iridescent
                  | scales. (AC +2) [potion of mutation]
 11154 | Shoals:3 | Noticed a kraken
 11154 | Shoals:3 | Noticed a kraken
 11154 | Shoals:3 | Noticed a kraken
 11154 | Shoals:3 | Noticed a kraken
 11181 | Shoals:3 | XOM: 2-stop teleportation journey
 11221 | Shoals:3 | Found Tevureemm's Jewellery Boutique.
 11233 | Shoals:3 | Bought a +4 ring of protection for 432 gold pieces
 11284 | Shoals:3 | XOM: summons friendly iron imp
 11285 | Shoals:3 | XOM: confuse monster(s)
 11308 | Shoals:3 | XOM: god gift: 24 gold pieces
 11310 | Shoals:3 | Reached skill level 15 in Fighting
 11367 | Shoals:3 | XOM: cloud trail
 11384 | Shoals:3 | Lost mutation: You do not regenerate when monsters are
                  | visible. [potion of mutation]
 11384 | Shoals:3 | Lost mutation: You are partially covered in iridescent
                  | scales. (AC +2) [potion of mutation]
 11384 | Shoals:3 | Gained mutation: You expend magic power (3 MP) to
                  | strengthen your wands. [potion of mutation]
 11384 | Shoals:3 | Gained mutation: You have large cloven feet. [potion of
                  | mutation]
 11434 | Shoals:3 | XOM: destruction
 11466 | Shoals:4 | Entered Level 4 of the Shoals
 11471 | Shoals:4 | XOM: polymorph satyr -> radroach
 11473 | Shoals:4 | Gained mutation: You passively map a large area around you.
                  | [Meteoran growth]
 11473 | Shoals:4 | Reached XP level 18. HP: 136/146 MP: 29/32
 11567 | Shoals:4 | XOM: confuse monster(s)
 11576 | Shoals:4 | XOM: cleaving
 11588 | Shoals:4 | Identified a scroll of acquirement
 11605 | Shoals:4 | Acquired Flugkiller's Incunabulum of Earthen Lightness
 11653 | Shoals:4 | XOM: confuse monster(s)
 11655 | Shoals:4 | XOM: divination: detect items
 11668 | Shoals:4 | XOM: scenery: summon butterflies
 11671 | Shoals:4 | Noticed a sphinx
 11678 | Shoals:4 | XOM: summons friendly quasit
 11682 | Shoals:4 | XOM: potion effect (curing)
 11695 | Shoals:4 | Reached skill level 16 in Fighting
 11698 | Shoals:4 | Noticed a sphinx
 11709 | Shoals:4 | XOM: potion effect (magic)
 11711 | Shoals:4 | XOM: silly message
 11712 | Shoals:4 | Killed a sphinx
 11714 | Shoals:4 | HP: 6/149 [cyclops (7)]
 11715 | Shoals:4 | HP: 1/149 [merfolk/+0 glaive[a merfolk impaler] (5)]
 11716 | Shoals:4 | Succumbed to barbed spike wounds

Illustrated notes

Levels and vault maps discovered:
D:1:      eino_arrival_water_star, layout_basic, serial_shops,
          nicolae_shop_window_shopping, basic_ecumenical_altar,
          minmay_tetromino_l2
D:2:      layout_basic, grunt_ministairs_12, minmay_cut_off
D:3:      layout_basic, kennysheep_orc_sif_temple, small_statue_alley_b
D:4:      layout_cave_pods, mainiacjoe_overflow_boulevard
D:5:      layout_gridville, kennysheep_mini, gammafunk_temple_overflow_elements,
          minmay_temple_entry_mist, kennysheep_generic_room_5
D:6:      layout_loops_ring, nicolae_ru_path_of_blood,
          nicolae_overflow_hidden_temple, mainiacjoe_overflow_alcove_4,
          mainiacjoe_overflow_catwalk, hangedman_abyss_or_decor_passed,
          kennysheep_minor_cross
D:7:      layout_basic
D:8:      layout_loops_ring, mainiacjoe_overflow_24_doors, lair_entry_dummy,
          dk_vineyard_1, nicolae_figureground_pulse, uniq_pikel, uniq_grum,
          uniq_maurice
D:9:      layout_gridville
D:10:     layout_gridville, general_overflow_altar, tgw_trog, orc_david_3
D:11:     layout_long_grid, minmay_misc_feat_square
D:12:     layout_basic
D:13:     layout_cave_pools, hangedman_vaults_entry_quadrant_bands, uniq_azrael
D:14:     layout_stronghold, ploomutoo_gammafunk_ghost_potion_laboratory,
          hive_lemuel
D:15:     hangedman_depths_entry_try_elsewhere_first, layout_rooms,
          minmay_misc_feat_encased, minivault_11
Lair:1:   lemuel_slime, layout_cave_shapes
Lair:2:   layout_long_grid, minmay_shoals_entry_beasts
Lair:3:   layout_gridlike, uniq_rupert
Lair:4:   kb_forest_paths, layout_regular_city,
          minmay_snake_entry_guardpost_small
Lair:5:   layout_loops_ring, slime_dummy, gammafunk_ghost_abyssal_escape,
          serial_bayou_shore_a
Lair:6:   evil_forest, layout_regular_city, ebering_ghost_disaster_area
Shoals:1: layout_shoals
Shoals:2: layout_shoals, nicolae_shoals_isolated_beach, uniq_louise,
          uniq_frances, uniq_ilsuiw
Shoals:3: layout_shoals, serial_shops, shop, nicolae_shoals_circle_sea_wall,
          nicolae_shoals_kraken_party
Shoals:4: shoals_end_hellmonk_lost_city, serial_shops
Orc:1:    layout_caves, gammafunk_ghost_wrathful_warriors, uniq_harold
Orc:2:    st_orc_elflike, layout_diamond_mine, minmay_orc_temple_c

Skill      XL: |  1  2  3  4  5  6  7  8  9 10 11 12 13 14 15 16 17 18 |
---------------+-------------------------------------------------------+-----
Dodging        | 2 3 4 6 7 8 10 11 | 11.0
Spellcasting   | 1 2 3 4 6 7 9 |  9.0
Ice Magic      | 1 2 3 5 8 |  8.0
Fighting       | 4 5 6 7 8 10 11 12 13 14 15 16 | 16.2
Staves         | 2 7 8 10 12 13 14 | 14.0
Conjurations   | 2 5 8 |  8.0
Evocations     | 5 |  5.0
Earth Magic    | 9 10 12 | 12.0
Armour         | 8 9 |  9.0
Hexes          | 3 |  3.5
Necromancy     | 5 11 12 | 12.0
Throwing       | 10 | 10.0
Axes           | |  3.6

Action                   |  1- 3 |  4- 6 |  7- 9 | 10-12 | 13-15 | 16-18 || total
-------------------------+-------+-------+-------+-------+-------+-------++-------
Melee: Hand axe          |    32 |       |       |       |       |       ||    32
       Short sword       |    32 |    57 |    85 |       |       |       ||   174
       Lajatang          |       |       |    88 |   353 |   910 |   698 ||  2049
       Punch             |       |       |     1 |       |       |       ||     1
Throw: Javelin           |       |       |       |       |     1 |     3 ||     4
 Cast: Freeze            |     1 |       |     5 |    14 |     5 |       ||    25
       Frozen Ramparts   |       |     1 |     7 |    18 |    38 |     3 ||    67
       Hailstorm         |       |       |       |    16 |    35 |    20 ||    71
       Stone Arrow       |       |       |       |     4 |    13 |     1 ||    18
       Borgnjor's Vile C |       |       |       |       |    10 |    18 ||    28
       Leda's Liquefacti |       |       |       |       |     2 |     1 ||     3
       Animate Dead      |       |       |       |       |       |     9 ||     9
       Death Channel     |       |       |       |       |       |     4 ||     4
Evoke: Piece from Xom's  |       |     1 |       |     2 |     2 |       ||     5
       Wand              |       |       |     2 |     1 |     3 |    11 ||    17
       Phantom mirror    |       |       |       |     1 |     1 |     1 ||     3
  Use: Scroll            |       |     1 |    14 |     2 |     9 |    10 ||    36
       Potion            |       |       |     3 |     4 |     2 |    20 ||    29
 Stab: Paralysed         |       |     4 |     4 |     2 |     2 |       ||    12
       Confused          |       |       |       |     1 |     2 |     2 ||     5
       Distracted        |       |       |       |     1 |       |     6 ||     7
Armor: Leather armour    |    27 |    17 |    26 |       |       |       ||    70
       Robe              |       |       |    56 |    15 |       |       ||    71
       Troll leather arm |       |       |       |   121 |   265 |   312 ||   698
       Skin              |       |       |       |    25 |       |       ||    25
Dodge: Dodged            |    27 |    24 |   142 |   238 |   439 |   578 ||  1448

Table legend: (Time is in decaauts)
 A = Elapsed time spent in this place.
 B = Non-inter-level travel time spent in this place.
 C = Inter-level travel time spent in this place.
 D = Time resting spent in this place.
 E = Time spent auto-exploring this place.
 F = Levels seen in this place.
 G = Mean time per level.
                   A        B        C        D        E       F      G
               +--------+--------+--------+--------+--------+-----+--------+
         Total |  10937 |  10023 |    914 |     19 |      0 |  27 |  405.1 |
       Dungeon |   5931 |   5247 |    684 |     19 |      0 |  15 |  395.4 |
          Lair |   2700 |   2560 |    140 |      0 |      0 |   6 |  450.0 |
        Shoals |   1411 |   1388 |     23 |      0 |      0 |   4 |  352.8 |
  Orcish Mines |    894 |    828 |     66 |      0 |      0 |   2 |  447.0 |
               +--------+--------+--------+--------+--------+-----+--------+

Top non-repeatable levels by time:
     D:5: 657 daAuts
  Lair:6: 648 daAuts
     D:8: 631 daAuts
   Orc:2: 625 daAuts
    D:14: 592 daAuts
Shoals:2: 478 daAuts
  Lair:3: 469 daAuts
  Lair:2: 458 daAuts
  Lair:5: 435 daAuts
  Lair:4: 422 daAuts
Shoals:3: 402 daAuts
     D:4: 402 daAuts
     D:6: 394 daAuts
Shoals:1: 388 daAuts
    D:15: 386 daAuts
